Cogmind - Beta 14 @@@ ROGUE MODE // 2025.01.12 @ 10:00:36 Player: abnormality Result: Self-destructed Performance ------------- Evolutions (1) 500 Regions Visited (2) 400 Robots Destroyed (41) 205 Value Destroyed (865) 865 Prototype IDs (0) 0 Alien Tech Used (0) 0 Bonus (8) 8 TOTAL SCORE: 1978 Bonus ------- High Alert Combat Kills 8 Cogmind --------- Core Integrity 114/400 Matter 293/300 Energy 250/250 System Corruption 3% Temperature Cool (0) Movement Core (550) Ox10 Location -9/Materials Parts ------- > --- POWER (1) -------- Ion Engine > --- PROPULSION (3) --- (None) > --- UTILITY (3) ------ Large Storage Unit Sensor Array > --- WEAPON (2) ------- Medium Laser Particle Cannon > --- INVENTORY (15) --- Light Ion Engine Medium Storage Unit Large Storage Unit ECM Suite Medium Armor Plating Hacking Suite Particle Gun Rocket Launcher Peak State ------------ > --- POWER ------------ Ion Engine > --- PROPULSION ------- Light Treads Light Treads > --- UTILITY ---------- Large Storage Unit Sensor Array Signal Interpreter > --- WEAPON ----------- Heavy Assault Rifle Rocket Launcher > --- INVENTORY -------- Light Ion Engine Medium Storage Unit Large Storage Unit ECM Suite Medium Armor Plating Hacking Suite Medium Laser [Rating: 11] Favorites ----------- Power Light Ion Engine Engine Light Ion Engine Propulsion Light Treads Treads Light Treads Utility Sensor Array Device Sensor Array Storage Small Storage Unit Processor Signal Interpreter Weapon Medium Laser Energy Gun Medium Laser Energy Cannon Particle Cannon Ballistic Gun Assault Rifle Launcher Rocket Launcher Build | -11 -10 -9 ------- Run | Yrd Mat Mat Slots Evolved 2 | . . 2 Power . | . . . Propulsion 1 | . . 1 Utility 1 | . . 1 Weapon . | . . . Parts Attached 22 | 7 2 13 Power 2 | 1 . 1 Engine 2 | 1 . 1 Core . | . . . Reactor . | . . . Propulsion 6 | 2 . 4 Treads 6 | 2 . 4 Leg . | . . . Wheel . | . . . Hover . | . . . Flight . | . . . Utility 7 | 2 2 3 Device 3 | 1 1 1 Storage 3 | 1 1 1 Processor 1 | . . 1 Hackware . | . . . Protection . | . . . Artifact . | . . . Weapon 7 | 2 . 5 Energy Gun 3 | 1 . 2 Energy Cannon 1 | . . 1 Ballistic Gun 2 | 1 . 1 Ballistic Cannon . | . . . Launcher 1 | . . 1 Special Weapon . | . . . Impact Weapon . | . . . Slashing Weapon . | . . . Piercing Weapon . | . . . Special Melee Weapon . | . . . Unidentified Prototypes . | . . . Parts Lost 12 | . . 12 Power 1 | . . 1 Propulsion 6 | . . 6 Utility 2 | . . 2 Weapon 3 | . . 3 Highest Loss Streak 4 | . . 4 To Critical Strikes . | . . . Average Slot Usage (%) 94 | . 100 91 Engine 12 | . 14 10 Treads 28 | . 28 28 Device 11 | . 14 10 Storage 12 | . 14 11 Processor 6 | . . 10 Energy Gun 12 | . 14 10 Ballistic Gun 9 | . 14 6 Peak Build Rating 11 | 7 8 11 Average Rating 8 | 5 7 9 On Entrance 5 | . 7 8 Naked Turns . | . . . Heaviest Build 33 | 13 18 33 Greatest Support 60 | 40 40 60 Greatest Overweight (x) 10 | . . 10 Average Overweight (x) . | . . . Largest Inventory Capacity 15 | 8 10 15 Average Capacity 10 | 7 8 12 Most Carried 10 | 4 9 10 Average Carried 5 | 1 4 7 Final Capacity 15 | 8 10 15 Final Carried 9 | 2 9 8 Class Distribution -------------------- 66% | Mutant 33% | Scavenger-Mutant Dominant Class ---------------- Mutant | -10/Materials Scavenger-Mutant | -9/Materials Resources | -11 -10 -9 ----------- Run | Yrd Mat Mat Matter Collected 775 | 330 66 379 Remotely . | . . . Salvage Created 1230 | 206 290 734 Parts 90 | 15 15 60 Haulers Intercepted 2 | . 1 1 Recyclers Shooed 4 | . 1 3 Parts Field Recycled . | . . . Retrieved Matter . | . . . Parts Self-Destructed . | . . . Prevented . | . . . Kills | -11 -10 -9 ------- Run | Yrd Mat Mat Combat Hostiles Destroyed 21 | . 4 17 Guns 15 | . 4 11 Cannons 1 | . . 1 AOE 4 | . . 4 Classes Destroyed 10 | 2 5 3 Worker 4 | . 1 3 Builder 3 | . . 3 Tunneler 5 | 5 . . Hauler 2 | . 1 1 Recycler 2 | 1 . 1 Operator 1 | . 1 . Watcher 3 | . 1 2 Swarmer 6 | . . 6 Grunt 10 | . 4 6 Sentry 5 | . . 5 Best Kill Streak 9 | 2 3 9 Combat Bots Only 5 | . 2 5 Max Kills in Single Turn 5 | 1 1 5 Gunslinging . | . . . Exploded 3 | . . 3 Melee . | . . . Uniques/NPCs Destroyed . | . . . Combat | -11 -10 -9 -------- Run | Yrd Mat Mat Hostile Shots Fired 150 | . 29 121 Missed 38 | . 7 31 Damage Taken 1653 | . 300 1353 Core 312 | . 26 286 Absorbed by Shields . | . . . Core Remaining (%) 94 | 100 89 . Volleys Fired 152 | 20 30 102 Largest 2 | 2 2 2 Hottest 118 | 70 70 118 Shots Fired 248 | 36 58 154 Gun 228 | 36 58 134 Cannon 10 | . . 10 Launcher 10 | . . 10 Special . | . . . Kinetic 94 | 20 30 44 Thermal 144 | 16 28 100 Explosive 10 | . . 10 Electromagnetic . | . . . Robot Hit Streak 9 | 9 8 6 Robot Miss Streak 4 | 2 4 4 Penetration Max . | . . . Secondary Targets . | . . . Shots Hit Robots 132 | 28 32 72 Core Hits 61 | 7 17 37 Critical Kills . | . . . Critical Parts Destroyed . | . . . Critical Strikes 7 | 1 . 6 Burn 7 | 1 . 6 Melee Attacks . | . . . Impact . | . . . Slashing . | . . . Piercing . | . . . Sneak Attacks . | . . . Combat Hostiles . | . . . Follow-up Attacks . | . . . Damage Inflicted 2728 | 357 429 1942 Guns 1623 | 357 429 837 Cannons 142 | . . 142 Explosions 963 | . . 963 Melee . | . . . Ramming . | . . . Kinetic 711 | 182 218 311 Thermal 1648 | 175 211 1262 Explosive 369 | . . 369 Electromagnetic . | . . . Impact . | . . . Slashing . | . . . Piercing . | . . . Highest Corruption 3 | . . 3 Average Corruption 2 | . . 2 Corruption Purged . | . . . Corruption Blocked . | . . . Effects 12 | . . 12 Message Errors 2 | . . 2 Matter Fused 4 | . . 4 Heat Flow Errors 3 | . . 3 Energy Discharges 1 | . . 1 Data Loss (minor) 1 | . . 1 Misfires 1 | . . 1 Overload Shots . | . . . Overflow Damage 290 | . . 290 Projectiles . | . . . Explosions 290 | . . 290 Melee . | . . . Knockbacks . | . . . Impact . | . . . Kinetic . | . . . Secondary . | . . . Self-Inflicted Damage 135 | . . 135 Shots 3 | . . 3 Rammed . | . . . Targets Rammed . | . . . Kicked . | . . . Crushed . | . . . Highest Temperature 283 | 45 90 283 Average Temperature 48 | 17 26 64 Received Heat Transfer 666 | . 177 489 Siege Activations . | . . . Robots Corrupted . | . . . Combat Hostiles . | . . . Parts Fried . | . . . Impact Corruptions . | . . . Robots Melted 1 | . . 1 Combat Hostiles 1 | . . 1 Parts Melted 5 | . . 5 Heat Transferred 3828 | 592 629 2607 Parts Sabotaged . | . . . Parts Stolen . | . . . Parts Stripped . | . . . Power Chain Reactions . | . . . Alert | -11 -10 -9 ------- Run | Yrd Mat Mat Peak Influence 452 | 30 125 452 Initial 19 | . 19 . Average 76 | 15 36 115 Maximum Alert Level 2 | . . 2 Low Security (%) 93 | 100 100 88 Level 1 3 | . . 7 Level 2 2 | . . 4 Level 3 . | . . . Level 4 . | . . . Level 5 . | . . . High Security . | . . . Max Security . | . . . Squads Dispatched 6 | . 2 4 Investigation 2 | . 1 1 Extermination . | . . . Reinforcement 4 | . 1 3 Assault . | . . . Garrison . | . . . Intercept . | . . . Searches Triggered . | . . . Construction Impeded 1 | . . 1 Haulers Reinforced . | . . . Active Scanning Responses . | . . . Cargo Convoy Interrupts . | . . . Stealth | -11 -10 -9 --------- Run | Yrd Mat Mat Distress Signals 4 | . . 4 Communications Jammed . | . . . Distress Signals . | . . . Times Spotted 38 | . 8 30 Peak Tracking Total 6 | . 2 6 Tactical Retreats 3 | . 1 2 Traps | -11 -10 -9 ------- Run | Yrd Mat Mat Traps Triggered 3 | . 2 1 Indirectly . | . . . Trap Hack Attempts . | . . . Triggered . | . . . Disarmed . | . . . Reprogrammed . | . . . Reused . | . . . Traps Extracted . | . . . Installed . | . . . Triggered . | . . . Machines | -11 -10 -9 ---------- Run | Yrd Mat Mat Machines Disabled 8 | . . 8 Max in Single Turn 2 | . . 2 Machines Repaired . | . . . Machines Dismantled . | . . . Machines Sabotaged . | . . . Overloaded Fab Kills . | . . . Hacking | -11 -10 -9 --------- Run | Yrd Mat Mat Machines Accessed 3 | . 1 2 Terminals 3 | . 1 2 Fabricators . | . . . Repair Stations . | . . . Recycling Units . | . . . Scanalyzers . | . . . Garrison Access . | . . . Total Hacks 7 | . 3 4 Successful 2 | . 1 1 Failed 5 | . 2 3 Catastrophic 1 | . . 1 Database Lockouts . | . . . Manual . | . . . Terminals 7 | . 3 4 Fabricators . | . . . Repair Stations . | . . . Recycling Units . | . . . Scanalyzers . | . . . Garrison Access . | . . . Terminal Hacks 2 | . 1 1 Locate Traps 1 | . . 1 Investigation Status 1 | . 1 . Fabricator Hacks . | . . . Repair Station Hacks . | . . . Recycling Unit Hacks . | . . . Scanalyzer . | . . . Garrison Access Hacks . | . . . Unauthorized Hacks . | . . . Terminals . | . . . Fabricators . | . . . Repair Stations . | . . . Recycling Units . | . . . Scanalyzers . | . . . Garrison Access . | . . . Data Cores Recovered 1 | . 1 . Used . | . . . Hacking Detections 2 | . 1 1 Full Trace Events 2 | . 1 1 Feedback Events . | . . . Feedback Blocked . | . . . Robot Schematics Acquired . | . . . Robots Built . | . . . Authchips . | . . . Time . | . . . Total Robot Build Rating . | . . . Part Schematics Acquired . | . . . Parts Built . | . . . Authchips . | . . . Time . | . . . Total Part Build Rating . | . . . Parts Repaired . | . . . Time . | . . . Parts Recycled . | . . . Recycled Matter . | . . . Retrieved Matter . | . . . Retrieved Components . | . . . Parts Scanalyzed . | . . . Part Schematics Acquired . | . . . Parts Damaged . | . . . Bothacking | -11 -10 -9 ------------ Run | Yrd Mat Mat Used RIF Installer . | . . . Robots Hacked . | . . . Non-combat . | . . . Combat . | . . . Robot Hacks Applied . | . . . Relay Couplers Released . | . . . Fabnet Peak Effective % . | . . . Robots Rewired . | . . . Allies Hacked . | . . . Hacks Repelled . | . . . Allies | -11 -10 -9 -------- Run | Yrd Mat Mat Total Allies . | . . . Largest Group . | . . . Highest-Rated Group . | . . . Highest-Rated Ally . | . . . Total Orders . | . . . Ally Attacks . | . . . Total Damage . | . . . Kills . | . . . Allies Corrupted . | . . . Allies Melted . | . . . Intel | -11 -10 -9 ------- Run | Yrd Mat Mat Robot Analysis Total . | . . . Derelict Logs Recovered . | . . . Drone Launches . | . . . Drone Recoveries . | . . . Exploration | -11 -10 -9 ------------- Run | Yrd Mat Mat Turns Passed 2397 | 276 839 1282 Spaces Moved 1020 | 137 314 569 Core 19 | 13 . 6 Treads 1001 | 124 314 563 Legs . | . . . Wheels . | . . . Hover . | . . . Flight . | . . . Fastest Speed 50 | 50 160 160 Average Speed 160 | 149 160 164 Slowest Speed 550 | 160 160 550 Overloaded Moves . | . . . Propulsion Burnouts . | . . . Robots Hopped . | . . . Cave-ins Triggered 1 | . . 1 Exploration Rate (%) 34 | 7 45 52 Regions Visited 2 Branch Regions . Pre-discovered Areas . | . . . Known Exits Taken . | . . . Unknown Exits Taken 2 | 1 1 . Scrap Searched . | . . . Spaces Dug . | . . . Terrain Destroyed 172 | . . 172 Melee . | . . . Projectile . | . . . AOE 172 | . . 172 Terrain Rammed . | . . . Walls Destroyed . | . . . Machines Disabled . | . . . Actions | -11 -10 -9 --------- Run | Yrd Mat Mat Total 1531 | 172 594 765 Wait 302 | . 236 66 Move 1018 | 136 313 569 Hop . | . . . Pick Up 30 | 9 10 11 Fast Attach . | . . . Attach 19 | 7 . 12 Detach 2 | . . 2 Swap 3 | . 2 1 Drop 5 | . 3 2 Fire 152 | 20 30 102 Melee . | . . . Ram . | . . . Kick . | . . . Crush . | . . . Escape Stasis . | . . . Rewire . | . . . Trap . | . . . Miscellaneous . | . . . Route ------- -11/Scrapyard -10/Materials (discovered 2 exits: *Mat / [*Min]) -9/Materials (discovered 2 exits: [*Mat] / *Min) History --------- Turn | Location | Event 10 | -11/Scrapyard | Discovered new exit (range 15) 277 | -11/Scrapyard | Entered Materials 316 | -10/Materials | Build established: Mutant 316 | -10/Materials | Discovered new exit (range 12) 993 | -10/Materials | Discovered new exit (range 16) 1116 | -10/Materials | Entered another Materials area 1116 | -9/Materials | Evolved 2 slots: Propulsion x1, Utility x1 1565 | -9/Materials | Discovered new exit (range 9) 1582 | -9/Materials | Lost 4 parts (2n1u1w) 1742 | -9/Materials | Discovered new exit (range 16) 1845 | -9/Materials | Build established: Scavenger-Mutant 2157 | -9/Materials | Identified exit to Mines 2206 | -9/Materials | Core integrity fell below 50% 2352 | -9/Materials | Crushed by falling debris 2384 | -9/Materials | Lost 4 parts (2n1u1w) 2398 | -9/Materials | Self-destructed Last Messages --------------- 02352_ U-05 Engineer builds a Wall. 02353_ Hvy. Assault Rifle destroyed. 02356_ The unstable cave ceiling collapses. 02357_ U-05 Engineer builds a Wall. 02362_ U-05 Engineer builds a Door. 02364_ System corrupted: Component data lost. 02364_ G-47 Trooper destroyed. 02367_ U-05 Engineer lays Concrete. 02372_ Acquired 15 matter. 02373_ U-05 Engineer lays Concrete. 02374_ U-05 Engineer builds a Wall. 02379_ U-05 Engineer lays Concrete. 02381_ System corrupted: Matter fused (-7). 02381_ U-05 Engineer builds a Wall. 02383_ Acquired Particle Gun. 02384_ Terminal disabled. 02385_ U-05 Engineer lays Concrete. 02386_ G-34 Mercenary suffers critical hit (Burn). 02386_ U-05 Engineer lays Concrete. 02390_ U-05 Engineer builds a Wall. Map ----- +----------------------------------------------------+ | ????????????????????????# * # """"" #???? | | ????????????????????????# %! # """"" #???? | | ????????????????????????# # # ##### | | ?????????????# ?????????# ## ######+### | | ?????????????# ???????# ## ###### ## | | ?????????????# ?????# ### = # " "" | | ?????????????# ##### #?# ! "## | | ?????????????# #?# %=[ | | ?????????????# #?# ! [ * * | | ?????????????# #?# | | | ?????????????# ##########+### | | ?????????????# ?# ## # | | ?????????????# ?# #" " # # " | | ?????????????# # #" ###?#### | | ?????????????# + #" #??????? | | ?????????????+ #" #??????? | | ?????????????# #" ? #??????? | | ????????###### # ! # #??????? | | ????????# ## #+######## #??????? | | ????????# ##????# #??????? | | ????????# =#????# #??????? | | ????????# ######## #??????? | | ????????# =%* u #??????? | | ????????# ^ !%! o #??????? | | ????????# g ???????? | | ????????+ ###///^ @ ???????? | | ????????# ???#//= T" ???????? | | ?????????????#//= """???????????? | | ?????????????# g ??????????? | | ?????????????# ?????????? | | ?????????????# ######## ??????????? | | ?????????????# ########+##??????????????????? | | ?????????????# ?????????????????????????????? | | ???????????? ?????????????????????????????? | | ???????????#######?????????????????????????????? | | ???????????????????????????????????????????????? | | ???????????????????????????????????????????????? | | ???????????????????????????????????????????????? | | ???????????????????????????????????????????????? | | ???????????????????????????????????????????????? | | | | | | | | | | | | | | | | | | | | | +----------------------------------------------------+ Best States ------------- Heat Dissipation 28 Energy Generation 10 Energy Capacity 250 Matter Stores 300 Matter Capacity 300 Sight Range 16 Robot Scan Range 14 Terrain Scan Density 10 Evasion (%) 50 Recoil Reduction 3 Item Schematics ----------------- None Robot Schematics ------------------ None Fabricated ------------ Nothing Alien Tech Used ----------------- None Achievements -------------- None Challenges ------------ None Game ------ Seed TransmissionThiefDoomcannon Manual? 0 Play Time 00:15:58 Cumulative 17.3 hours Start 2025.01.12 @ 09:44:12 End 2025.01.12 @ 10:00:36 Sessions 1 Manual Loads 0 Difficulty Rogue Special Mode None Game No. 80 Rogue 80 Adventurer 0 Explorer 0 Win Type - Total 0 Types 0/0/0/0/0/0/0/0/0 Lore% 16 Gallery% 19 Achievement% 21 Wizard Run 0 Options --------- Layout 0 ASCII 0 Keyboard 0 Movement Mouse Keybinds 0 Fullscreen 1 Font 18/SmallcapsGlow Map View 38x25 Zoom Use 98% Tactical HUD 1 Map Filters NONE Filters NONE Steam 1 RUN: 2f1fd60f-0ea9-4eb4-9b8e-f9ed001d7503